 Dungeon Crawl Stone Soup version 0.29.1-12-g30fa7ad0bf (webtiles) character file.

Game seed: 5266645071620686

81 soggyman666 the Magician (level 4, 0/31 HPs)
             Began as a Djinni Fire Elementalist on Dec 17, 2022.
             Engulfed by a cloud of flame (6 damage)
             ... on level 2 of the Dungeon.
             The game lasted 00:04:35 (3271 turns).

soggyman666 the Magician (Djinni Fire Elementalist) Turns: 3271, Time: 00:04:35

Health: 0/31       AC:  3    Str:  7    XL:     4   Next: 67%
Gold:   47         EV: 12    Int: 19    God:
                   SH:  0    Dex: 13

rFire   + + .      SeeInvis .   (no weapon)
rCold   x . .      Faith    .   (no shield)
rNeg    . . .      Spirit   .   a - +0 robe
rPois   ∞          Reflect  .   (no helmet)
rElec   .          Harm     .   (no cloak)
rCorr   .          Rampage  .   e - +0 pair of gloves
Will    .....                   (boots unavailable)
Stlth   ++........              (no amulet)
HPRegen 0.10/turn               (no ring)
MPRegen 0.00/turn               (no ring)

@: flying
A: sickness immunity, fire resistance 2, cold vulnerability 1, float, innate
caster, HP casting, extra vitality 1
a: no special abilities


You were on level 2 of the Dungeon.
You visited 1 branch of the dungeon, and saw 2 of its levels.

You collected 71 gold pieces.
You spent 24 gold pieces at shops.

Inventory:

Armour
 a - a +0 robe (worn)
 e - a +0 pair of gloves (worn)
Scrolls
 b - a scroll of blinking
 c - a scroll of identify
 h - a scroll of butterflies {unknown}
 i - a scroll of vulnerability {unknown}
Potions
 f - a potion of invisibility
 g - a potion of heal wounds
 j - 2 potions of haste


   Skills:
 + Level 2.3 Dodging
 + Level 1.9 Stealth
 + Level 3.8 Spellcasting


You couldn't memorise any spells.
You knew the following spells:

 Your Spells              Type           Power      Damage    Failure   Level
a - Foxfire               Conj/Fire      72%        2x1d7     3%          1
b - Scorch                Fire           36%        2d6       4%          2
c - Conjure Flame         Conj/Fire      18%        6-21      9%          3
d - Inner Flame           Hex/Fire       18%        N/A       9%          3
e - Flame Wave            Conj/Fire      18%        2d7       28%         4
f - Apportation           Tloc           36%        N/A       3%          1
Your spell library was empty.

Dungeon Overview and Level Annotations

Branches:
Dungeon (2/15)

Altars:

Shops:
D:2 ?


Innate Abilities, Weirdness & Mutations

You are immune to sickness and miasma.
You are immune to poison.
Your flesh is very heat resistant. (rF++)
You are vulnerable to cold. (rC-)
You float through the air rather than walking.
You learn spells naturally, not from books.
Your magical power is your life essence.
You have superior vitality. (+4 MHP)


Message History

You start resting.
The bush is engulfed in blazing flames. x8
The forest fire spreads!
You start resting.
The bush is engulfed in blazing flames. x10
You start resting.
The bush is engulfed in blazing flames. x4
You destroy the bush!
The bush is engulfed in blazing flames. x5
The bush is engulfed in blazing flames. x7
You destroy the bush!
The bush is engulfed in blazing flames. x2
The bush is engulfed in blazing flames. x7
You destroy the bush!
The bush is engulfed in blazing flames.
You destroy the bush!
The bush is engulfed in blazing flames. x5
You destroy the bush!
The bush is engulfed in blazing flames.
You destroy the bush!
The bush is engulfed in blazing flames. x2
You destroy the bush!
The bush is engulfed in blazing flames. x3; The forest fire spreads!
The bush is engulfed in blazing flames.
You destroy the bush!
The bush is engulfed in blazing flames.
You destroy the bush!
The bush is engulfed in blazing flames. x2; The forest fire spreads!
You are engulfed in blazing flames.
You resist.
The bush is engulfed in blazing flames. x2
You are engulfed in blazing flames.
You resist.
The bush is engulfed in blazing flames.
The bush is engulfed in blazing flames.
You destroy the bush!
The bush is engulfed in blazing flames.
The bush is engulfed in blazing flames.
The bush is engulfed in blazing flames.
You destroy the bush!
You are engulfed in blazing flames.
You resist.
You are engulfed in blazing flames.
You resist.
* * * LOW HITPOINT WARNING * * *
You are engulfed in blazing flames.
You resist.
You die...

#################### #
#######☼§§§....∩..........
########...##§§§§☼§##############
.......†...#°☼§☼..§§#
########....♣...@○§§# ### #
##.#..☼☼.○§§§# #.. ####♣§§.○§§§#
♣.♣ #§§§§§§## #.# ##☼☼.§## ##♣.♣
###### #...# ########.♣.♣ #####
##### #....).....#
....###########...####.#######.##


There were no monsters in sight!

Vanquished Creatures
  3 adders (D:2)
  2 worms (D:2)
  A dart slug (D:1)
  4 ball pythons (D:1)
  4 endoplasms (D:1)
  3 giant cockroaches
  5 goblins (D:1)
  3 hobgoblins
  6 kobolds
  4 quokkas
  3 bats
  5 frilled lizards
  4 rats
  11 bushes (D:2)
58 creatures vanquished.

Vanquished Creatures (collateral kills)
  5 foxfires (D:2)
5 creatures vanquished.

Vanquished Creatures (others)
  184 foxfires
  4 plants (D:2)
188 creatures vanquished.

Grand Total: 251 creatures vanquished

Notes
Turn   | Place    | Note
-------+----------+-------------------------------------------
     0 | D:1      | soggyman666 the Djinni Fire Elementalist began the quest
                  | for the Orb.
     0 | D:1      | soggyman666 set off with the following spells memorised:
                  | Foxfire, Scorch, Conjure Flame, Inner Flame, Flame Wave.
     0 | D:1      | Reached XP level 1. HP: 15/15 MP: 0/0
   161 | D:1      | Reached XP level 2. HP: 18/21 MP: 0/0
   778 | D:1      | Reached skill level 3 in Spellcasting
   985 | D:1      | Reached XP level 3. HP: 22/25 MP: 0/0
   985 | D:1      | Learned a level 1 spell: Apportation
  1263 | D:1      | Found a faded altar of an unknown god.
  1942 | D:2      | Reached XP level 4. HP: 28/31 MP: 0/0
  2862 | D:2      | Found Lenwiu's Magic Scroll Shoppe.
  2870 | D:2      | Bought a scroll of identify for 24 gold pieces
  3271 | D:2      | Engulfed by a cloud of flame

Illustrated notes

Levels and vault maps discovered:
D:1:      ncdulo_halloftheorcs, layout_basic,
          hellmonk_ecumenical_altar_inner_sanctum
D:2:      layout_loops_ring, serial_shops, shop, serial_forest,
          infiniplex_forest_pool, infiniplex_forest_end_2,
          infiniplex_forest_straight_2, infiniplex_forest_end_3,
          infiniplex_forest_lined_1, infiniplex_forest_lined_corner,
          infiniplex_forest_straight_4, infiniplex_forest_straight_3,
          infiniplex_forest_straight_2, infiniplex_forest_corner_2

Skill      XL: |  1  2 |
---------------+-------+-----
Spellcasting   | 3 |  3.8
Dodging        | |  2.3
Stealth        | |  1.9

Action                   |  1- 3 |  4- 6 || total
-------------------------+-------+-------++-------
 Cast: Foxfire           |    68 |    45 ||   113
       Scorch            |    10 |     3 ||    13
       Apportation       |     2 |       ||     2
       Flame Wave        |       |     2 ||     2
  Use: Scroll            |       |     5 ||     5
Dodge: Dodged            |     1 |     1 ||     2
